AoeStats
← Malelf

Four Lakes

509572442Analyzed
1v1 RM · 4d ago on Sep 27, 2026· 32m 9s· 2 players
Game mode
Random Map
Map size
Tiny (2 player)
Population
200
Speed
Normal
Resources
Standard
Victory
Conquest
Starting age
Dark Age
Ending age
Imperial Age
RankedLock teamsTeams togetherTeam positionsShared explorationLock speedFull tech treeHidden civsTurbo modeCheats
Victory
Defeat
🇧🇪 Japanese · Belgium
1672
+16
🇮🇹 Wei · Italy
1674
-16
pienus23
6:14 Loom
9:31 Feudal Age
9:35 Man-at-Arms
10:24 Fishing Lines
14:12 Double-Bit Axe
14:22 Fletching
20:26 Castle Age
21:19 Bow Saw
21:06 Bodkin Arrow
21:20 Padded Archer Armor
21:38 Medium Warships
21:54 Forging
24:12 Iron Casting
23:55 Leather Archer Armor
24:59 Husbandry
25:11 Bloodlines
24:57 Gold Mining
24:58 Stone Mining
27:29 Wheelbarrow
26:40 Town Watch
28:53 Ballistics
29:58 Gold Shaft Mining
31:22 Thumb Ring
Malelf
10:56 Loom
13:04 Feudal Age
13:58 Double-Bit Axe
20:17 Castle Age
19:45 Forging
19:19 Fishing Lines
20:48 Gold Mining
21:33 Medium Warships
22:19 Iron Casting
22:27 Bow Saw
28:24 Gillnets
28:43 Fletching
28:54 Padded Archer Armor
30:12 Bodkin Arrow
31:10 Leather Archer Armor
Connection lost

Rejoining the realm…

Still unreachable

The connection could not be restored.

Session expired

The server has moved on; the page needs a fresh start.